 Dungeon Crawl Stone Soup version 0.20.0-10-g0535bb4 (webtiles) character file.

41 zxpr0jk the Chopper (level 3, -1/29 HPs)
             Began as a Demonspawn Chaos Knight on June 6, 2017.
             Slain by Menkaure (22 damage)
             ... on level 2 of the Dungeon.
             The game lasted 00:03:52 (1590 turns).

zxpr0jk the Chopper (Demonspawn Chaos Knight)       Turns: 1590, Time: 00:03:52

Health: -1/29      AC:  7    Str: 12    XL:     3   Next: 32%
Magic:  3/3        EV: 11    Int: 13    God:    Xom [..*...]
Gold:   70         SH:  0    Dex: 13    Spells: 2/2 levels left

rFire    + . .     SeeInvis +   a - +0 hand axe (chaos)
rCold    . . .     Gourm    .   (no shield)
rNeg     . . .     Faith    .   b - +2 leather armour
rPois    .         Spirit   .   (no helmet)
rElec    .         Reflect  .   (no cloak)
rCorr    .         Harm     .   (no gloves)
MR       .....                  m - +1 pair of boots
Stlth    ++........             (no amulet)
Regen    0.1/turn               o - ring of see invisible
MPRegen  0.1/turn               l - ring of protection from fire

@: very slightly contaminated, invisible
A: hooves 1, nightstalker 1
a: Renounce Religion


You were on level 2 of the Dungeon.
You worshipped Xom.
You were a toy of Xom.
You were very hungry.

You visited 1 branch of the dungeon, and saw 2 of its levels.

You collected 70 gold pieces.

Inventory:

Hand Weapons
 a - a +0 hand axe of chaos (weapon)
Armour
 b - a +2 leather armour (worn)
 m - a +1 pair of boots (worn)
Jewellery
 l - a ring of protection from fire (right hand)
 o - a ring of see invisible (left hand)
Scrolls
 g - 3 scrolls of immolation
 k - a scroll of enchant armour {unknown}
Potions
 d - 6 potions of curing
 f - 4 potions of flight
Comestibles
 c - 7 bread rations
 h - 4 fruits


   Skills:
 + Level 3.3 Fighting
 * Level 3.7 Axes
 - Level 1.7 Armour
 - Level 0.8 Dodging


You had 2 spell levels left.
You didn't know any spells.

Dungeon Overview and Level Annotations

Branches:
Dungeon (2/15)

Altars:
Kikubaaqudgha
Yredelemnul

Annotations:
D:2 1 transporter, Menkaure


Innate Abilities, Weirdness & Mutations

You have large cloven feet.
You are slightly more attuned to the shadows.


Message History

As you read the scroll of identify, it crumbles to dust.
i - a potion of invisibility
As you read the scroll of identify, it crumbles to dust.
f - 4 potions of flight You fade into invisibility!
You are very lightly contaminated with residual magic.
There is a transporter here.
You enter the transporter and appear at another place.
You hit the mummy.
The mummy flickers and vanishes for a moment.
The mummy is moderately damaged.
You barely miss Menkaure.
Menkaure points at you and mumbles some strange words.
Pain shoots through your body! The mummy hits you but does no damage.
Okay, then.
As you read the scroll of fog, it crumbles to dust.
The scroll dissolves into smoke.
Menkaure hits you!!
Ouch! That really hurt!
You die...
Xom guffaws!

##########....##..........#.
#...............##....#####.
#.#############.##.)..##....
#.#...........#.##....##.### ##
#.#)..........#.##....##.# # .#
#.#$.###.###..#.##....##.#
.#######.#_.#8#.#8#§Z#...#....#.#
.........#:.....§§M§Z#...###.##.#
.####....#⌠.....n@M..#©..# #.##.#
.# #<#..#!.Z..§§§§§.#..####.##.#
.#
####.#_.#8#.#8#..#....##.##.###
.# #.#$.###.###..#....##.##....
.# #.#:..........#....##.###...
## #.#©..........#....##.#..... #
#.#############....##.#.#...
#..................##.#.#...
############.......##.#<....


You could see a necrophage (wandering), Menkaure, a mummy (invisible), a bat
skeleton and an adder skeleton (wandering).

Vanquished Creatures
  A dart slug (D:1)
  2 leopard geckos (D:1)
  4 giant cockroaches
  4 goblins
  4 hobgoblins
  3 jackals (D:1)
  A quokka (D:2)
  3 bats (D:1)
  A frilled lizard (D:1)
  5 kobolds
  5 rats
33 creatures vanquished.

Notes
Turn   | Place    | Note
-------+----------+-------------------------------------------
     0 | D:1      | zxpr0jk the Demonspawn Chaos Knight began the quest for the Orb.
     0 | D:1      | Reached XP level 1. HP: 18/18 MP: 1/1
   162 | D:1      | XOM: cast spell 'Call Canine Familiar'
   205 | D:1      | Gained mutation: You are slightly more attuned to the shadows. [demonic ancestry]
   205 | D:1      | Reached XP level 2. HP: 23/24 MP: 2/2
   769 | D:1      | XOM: noise
   866 | D:2      | Found an ancient bone altar of Kikubaaqudgha.
   866 | D:2      | Noticed Menkaure
   867 | D:2      | Found a basalt altar of Yredelemnul.
   867 | D:2      | Found a transporter.
   927 | D:2      | Gained mutation: You have large cloven feet. [demonic ancestry]
   927 | D:2      | Reached XP level 3. HP: 11/29 MP: 3/3
  1070 | D:2      | Noticed a necrophage
  1083 | D:2      | Found a transporter.
  1590 | D:2      | Slain by Menkaure

Skill      XL: |  1 |
---------------+----+-----
Axes           | 3 |  3.7
Fighting       | |  3.3
Armour         | |  1.7
Dodging        | |  0.8

Action                   || total
-------------------------++-------
Melee: Hand axe          ||   109
       Kick              ||     1
  Use: Scroll            ||     8
       Potion            ||     1
 Stab: Sleeping          ||     3
  Eat: Chunk             ||     1
Armor: Leather armour    ||    50
Dodge: Dodged            ||    61
